 Dungeon Crawl Stone Soup version 0.31-a0-640-g39d97e502b (webtiles) character file.

Game seed: 3044922493511569081

3136 Zdeegee the Digger (level 9, -2/6 HPs)
             Began as an Octopode Earth Elementalist on July 15, 2023.
             Was an Initiate of Vehumet.
             Slain by a kobold brigand
             ... wielding a +0 dagger
              (5 damage)
             ... on level 7 of the Dungeon on Aug 27, 2023.
             The game lasted 00:18:57 (7095 turns).

Zdeegee the Digger (Octopode Earth Elementalist)    Turns: 7095, Time: 00:18:57

Health: -2/6       AC:  6    Str: 12    XL:     9   Next: 92%
Magic:  27/27      EV: 12    Int: 21    God:    Vehumet [......]
Gold:   301        SH:  0    Dex: 19    Spells: 9/20 levels left

rFire   . . .        b - melded staff of conjuration
rCold   . . .        (shield currently unavailable)
rNeg    . . .        (helmet currently unavailable)
rPois   .            (no amulet)
rElec   .            f - ring of magical power
rCorr   .            m - ring of flight
SInv    .            r - +6 ring of dexterity
Will    .....        B - +4 ring of protection
Stlth   +++          (no ring)
HPRegen 0.21/turn    (no ring)
MPRegen 0.20/turn    (no ring)
                     (no ring)

%: no passive effects
@: snake-form, flying
A: constrict, reduced hp, almost no armour, amphibious, 8 rings, large,
(camouflage 1), (gelatinous body 1), (nimble swimmer 1), (tentacles)
a: Begin Untransformation, Renounce Religion


You were on level 7 of the Dungeon.
You worshipped Vehumet.
Vehumet was noncommittal.
You were an enormous anaconda.
You visited 2 branches of the dungeon, and saw 8 of its levels.

You collected 361 gold pieces.
You spent 60 gold pieces at shops.

Inventory:

Hand Weapons
 a - a +2 quick blade
Missiles
 z - a curare-tipped dart
Magical Staves
 b - a staff of conjuration (melded)
 q - a staff of poison
Jewellery
 f - a ring of magical power (left tentacle)
 m - a ring of flight (right tentacle)
 r - a +6 ring of dexterity (on tentacle)
 B - a +4 ring of protection (on tentacle)
Talismans
 D - a serpent talisman (active)
Wands
 n - a wand of paralysis (3)
 t - a wand of polymorph (6)
 v - a wand of flame (11)
 y - a wand of mindburst (15)
Scrolls
 e - a scroll of blinking {unknown}
 g - 4 scrolls of vulnerability {unknown}
 j - a scroll of enchant armour {unknown}
 l - a scroll of teleportation
 s - a scroll of amnesia {unknown}
 w - a scroll of fear {unknown}
 C - a scroll of noise {unknown}
Potions
 c - 3 potions of heal wounds
 d - 3 potions of curing
 h - 2 potions of cancellation
 i - 2 potions of mutation
 k - a potion of ambrosia {unknown}
 o - a potion of invisibility {unknown}
 p - a potion of brilliance {unknown}
 u - a potion of magic
 x - a potion of might {unknown}
 A - a potion of enlightenment {unknown}


   Skills:
 * Level 4.2 Fighting
 + Level 0.9 Short Blades
 + Level 0.5 Maces & Flails
 * Level 4.0 Dodging
 + Level 5.4 Stealth
 * Level 6.1 Spellcasting
 * Level 4.5 Conjurations
 + Level 1.1 Transmutations
 * Level 3.3 Ice Magic
 * Level 7.3 Earth Magic
 * Level 3.8 Evocations


You had 9 spell levels left.
You knew the following spells:

 Your Spells              Type           Power      Damage    Failure   Level
a - Sandblast             Erth           74%        2d16      1%          1
b - Stone Arrow           Conj/Erth      62%        3d10      2%          3
c - Petrify               Tmut/Erth      24%        N/A       17%         4
d - Hailstorm             Conj/Ice       22%        3d7       6%          3

Your spell library contained the following spells:

 Spells                   Type           Power      Damage    Failure   Level
 Freeze                   Ice            80%        1d9       2%          1
 Passwall                 Tmut/Erth      20%        N/A       2%          2
 Frozen Ramparts          Ice            40%        1d7       8%          3
 Slow                     Hex            24%        N/A       10%         1
 Cigotuvi's Dreadful Rot  Necr/Pois/Air  12%        N/A       14%         2
 Ignite Poison            Fire/Tmut/Pois 8%         N/A       24%         3
 Confusing Touch          Hex            6%         N/A       28%         3
 Vampiric Draining        Necr           6%         2d6       28%         3
 Freezing Cloud           Conj/Ice/Air   8%         6-21      67%         5


Dungeon Overview and Level Annotations

Branches:
Dungeon (7/15)             Temple (1/1) D:6

Altars:
Ashenzari
Cheibriados
Dithmenos
Elyvilon
Fedhas
Gozag
Hepliaklqana
Kikubaaqudgha
Makhleb
Nemelex Xobeh
Okawaru
Qazlal
Ru
Sif Muna
Trog
Uskayaw
Vehumet
Wu Jian
Xom
Yredelemnul
Zin
The Shining One

Shops:
D:4 !

Annotations:
D:5 3 runed translucent doors, rvierbuc's ghost, amateur OgGl


Innate Abilities, Weirdness & Mutations

You are an enormous anaconda.
You have a powerful constriction melee attack.
Your maximum health is decreased, since you lack skill for your form.
Your armour is entirely melded.
You are incapable of wielding weapons or throwing items.
You cannot wear most types of armour.
You are amphibious.
You can wear up to eight rings at the same time.
((Your skin changes colour to match your surroundings (Stealth+).))
((Your rubbery body absorbs attacks. (AC +1, EV +1)))
((You are camouflaged when in or above water. (Stealth+)))
((You have tentacles for arms and can constrict up to eight enemies at once.))


Message History

Things that are here:
a +0 spear; a +0 leather armour
Found 2 stones.
Found a serpent talisman.
You see here a serpent talisman.
C - a scroll labelled LYAMAUDWUMMI You see here a serpent talisman.
Press: ? - help, v - describe, . - travel, g - get item Item here: a serpent talisman.
The floor.
You see here a serpent talisman.
D - a serpent talisman You begin transforming.
You continue transforming. x3
You turn into an enormous anaconda.
Your staff of conjuration melds into your body.
A kobold brigand comes into view.
It is wielding a +0 dagger and quivering curare-tipped darts.
A kobold brigand is nearby!
The helpless kobold brigand fails to defend itself.
You hit the kobold brigand. You grab the kobold brigand.
The kobold brigand is lightly wounded.
You constrict the kobold brigand, but do no damage.
The kobold brigand closely misses you.
You hit the kobold brigand.
The kobold brigand is lightly wounded.
You constrict the kobold brigand.
The kobold brigand hits you with a +0 dagger.
You hit the kobold brigand.
The kobold brigand is heavily wounded.
You constrict the kobold brigand, but do no damage.
The kobold brigand hits you with a +0 dagger.
You are too injured to fight recklessly!
You are too injured to fight recklessly!
You are too injured to fight recklessly!
You are too injured to fight recklessly!
You hit the kobold brigand but do no damage.
The kobold brigand is heavily wounded.
You constrict the kobold brigand.
The kobold brigand hits you with a +0 dagger.
Ouch! That really hurt!
You die...

#####.#.....#####......
........)..............
.......#.......#.......
....#......#......#....
..#)....#.....#.....#..
.#)...#....#....#....#
...#...#...#...#...#
..#..#..#..#..#..#..#
.#.#.#.#.#.#.#.#S# .
†##.##.##.###.##K# #.###.## (#
#.###. #.#### ## ### ## ##.# ###
### #### ####### ########.## ##.#
#.######.#...####.........####...
................+.......:.'......
#.######.#...####...>.....####...


You could see a kobold brigand.

Vanquished Creatures
  Pikel (D:5)
  Grinder (D:3)
  Sigmund (D:4)
  2 steam dragons (D:7)
  An acid dragon (D:6)
  3 ice beasts
  3 sky beasts
  A black bear (D:5)
  An ogre (D:6)
  A centaur (D:7)
  A phantom (D:4)
  A bullfrog (D:7)
  2 kobold brigands (D:7)
  A scorpion (D:4)
  A howler monkey (D:6)
  2 quasits (D:5)
  6 hounds
  A jelly (D:6)
  A gnoll bouda (D:7)
  A sleepcap (D:5)
  An iguana (D:4)
  Natasha (thrice) (D:4)
  8 gnolls (D:5)
  6 adders
  A shadow imp (D:5)
  7 white imps
  2 ufetubi (D:4)
  A worm (D:5)
  A dart slug (D:1)
  3 orcs
  5 bats
  5 endoplasms
  5 giant cockroaches
  3 goblins
  6 hobgoblins
  4 jackals
  8 quokkas
  6 ball pythons
  2 frilled lizards
  11 kobolds
  9 rats
129 creatures vanquished.

Notes
Turn   | Place    | Note
-------+----------+-------------------------------------------
     0 | D:1      | Zdeegee the Octopode Earth Elementalist began the quest for
                  | the Orb.
     0 | D:1      | Reached XP level 1. HP: 11/11 MP: 3/3
    18 | D:1      | Upgraded the game from 0.31-a0-277-g31ea1f65cc to
                  | 0.31-a0-640-g39d97e502b
   208 | D:1      | Reached XP level 2. HP: 18/18 MP: 1/5
   711 | D:2      | Reached XP level 3. HP: 22/22 MP: 6/6
   721 | D:2      | Learned a level 3 spell: Stone Arrow
  1031 | D:2      | Reached skill level 4 in Earth Magic
  1084 | D:2      | HP: 1/22 [rat (3)]
  1324 | D:2      | Found a shimmering altar of Xom.
  1542 | D:3      | Reached XP level 4. HP: 27/27 MP: 7/7
  1615 | D:3      | Identified the +2 mace of Yzxunwa {flame, rElec Str-2
                  | Stlth+}
  1649 | D:3      | Found a glowing silver altar of Zin.
  1650 | D:3      | Found a shadowy altar of Dithmenos.
  1857 | D:3      | Found a faded altar of an unknown god.
  2107 | D:3      | Noticed Grinder
  2123 | D:3      | Killed Grinder
  2124 | D:3      | Reached skill level 1 in Fighting
  2124 | D:3      | Reached skill level 1 in Conjurations
  2124 | D:3      | Reached skill level 1 in Evocations
  2124 | D:3      | Reached XP level 5. HP: 29/33 MP: 9/9
  2124 | D:3      | Reached XP level 6. HP: 33/38 MP: 10/10
  2129 | D:3      | Learned a level 4 spell: Petrify
  2133 | D:3      | Learned a level 3 spell: Hailstorm
  2587 | D:4      | Found Pehios's Distillery.
  2590 | D:4      | Bought a potion of heal wounds for 60 gold pieces
  2629 | D:4      | Noticed Natasha
  2637 | D:4      | Killed Natasha
  2955 | D:4      | Noticed Sigmund
  2959 | D:4      | Noticed Natasha
  2962 | D:4      | Killed Sigmund
  2963 | D:4      | Reached skill level 5 in Earth Magic
  2963 | D:4      | Reached XP level 7. HP: 45/45 MP: 11/12
  2963 | D:4      | Killed Natasha
  3115 | D:4      | Noticed Natasha
  3120 | D:4      | Killed Natasha
  3125 | D:4      | Reached skill level 1 in Ice Magic
  3314 | D:4      | Found a bloodstained altar of Trog.
  3990 | D:5      | Entered Level 5 of the Dungeon
  3995 | D:5      | Reached XP level 8. HP: 38/50 MP: 9/14
  4210 | D:5      | Found a runed translucent gate.
  4211 | D:5      | Found a runed translucent gate.
  4211 | D:5      | Found an opulent altar of Gozag.
  4212 | D:5      | Found a runed translucent gate.
  4235 | D:5      | Noticed rvierbuc's ghost (amateur OgGl)
  4235 | D:5      | Noticed a shadow
  4517 | D:5      | Noticed Pikel
  4535 | D:5      | Killed Pikel
  4536 | D:5      | Reached skill level 6 in Earth Magic
  4825 | D:5      | Reached XP level 9. HP: 52/55 MP: 10/16
  4935 | D:5      | Reached skill level 5 in Spellcasting
  5348 | D:6      | Found a staircase to the Ecumenical Temple.
  5560 | Temple   | Entered the Ecumenical Temple
  5585 | Temple   | Became a worshipper of Vehumet
  6192 | D:7      | Reached skill level 7 in Earth Magic
  6278 | D:7      | Reached skill level 5 in Stealth
  7095 | D:7      | Slain by a kobold brigand

Illustrated notes

Levels and vault maps discovered:
D:1:      sevenhm_arrival_forest_fort_small_3, layout_basic
D:2:      layout_rooms, basic_altar, kennysheep_potato
D:3:      layout_basic, mainiacjoe_overflow_divided_tiny,
          chequers_ecumenical_altar_simple, uniq_grinder
D:4:      layout_cave_pods, lightli_temple_of_fire, nicolae_stop_n_shop_1,
          uniq_sigmund, uniq_natasha
D:5:      layout_rooms, serial_demonic, serial_demonic_f, serial_demonic_f,
          serial_demonic_c, serial_demonic_c, serial_demonic_a,
          serial_demonic_e, serial_demonic_f, serial_demonic_g,
          ebering_ghost_gozag, uniq_pikel
D:6:      layout_loops_ring, minmay_temple_entry_statues
D:7:      layout_loops_corners, minmay_increasing_density
Temple:   nicolae_temple_bog_church

Skill      XL: |  1  2  3  4  5  6  7  8  9 |
---------------+----------------------------+-----
Earth Magic    | 4 5 6 7 |  7.3
Fighting       | 1 2 4 |  4.2
Stealth        | 3 4 5 |  5.4
Spellcasting   | 3 4 6 |  6.1
Conjurations   | 1 2 4 |  4.5
Evocations     | 1 2 3 |  3.8
Dodging        | 3 4 |  4.0
Ice Magic      | 1 2 3 |  3.3
Short Blades   | |  0.9
Maces & Flails | |  0.5
Transmutations | |  1.1

Action                     |  1- 3 |  4- 6 |  7- 9 || total
---------------------------+-------+-------+-------++-------
  Melee: Tentacles         |     1 |     4 |    14 ||    19
         Constrict         |     1 |     1 |     6 ||     8
         Unarmed           |     1 |       |     4 ||     5
         Whip              |     1 |     8 |       ||     9
         Rapier            |       |     1 |       ||     1
         Quick blade       |       |       |    30 ||    30
   Cast: Sandblast         |    44 |    31 |    49 ||   124
         Stone Arrow       |     6 |    11 |    68 ||    85
         Petrify           |       |       |     1 ||     1
  Evoke: Wand              |       |     2 |       ||     2
    Use: Scroll            |     2 |     1 |     4 ||     7
   Stab: Paralysed         |       |     7 |       ||     7
         Sleeping          |       |       |     5 ||     5
 Armour: Skin              |     1 |     1 |     6 ||     8
  Dodge: Dodged            |    16 |     8 |    52 ||    76
   Form: Anaconda          |       |       |     1 ||     1

Table legend: (Time is in decaauts)
 A = Elapsed time spent in this place.
 B = Non-inter-level travel time spent in this place.
 C = Inter-level travel time spent in this place.
 D = Time resting spent in this place.
 E = Time spent auto-exploring this place.
 F = Levels seen in this place.
 G = Mean time per level.
                   A        B        C        D        E       F      G
               +--------+--------+--------+--------+--------+-----+--------+
         Total |   7155 |   6861 |    294 |    273 |   5716 |   8 |  894.4 |
       Dungeon |   7123 |   6852 |    271 |    273 |   5716 |   7 | 1017.6 |
        Temple |     31 |      8 |     23 |      0 |      0 |   1 |   31.0 |
               +--------+--------+--------+--------+--------+-----+--------+

Top non-repeatable levels by time:
     D:4: 1409 daAuts
     D:3: 1222 daAuts
     D:7: 1131 daAuts
     D:5: 1127 daAuts
     D:6: 835 daAuts
     D:1: 819 daAuts
     D:2: 576 daAuts
  Temple: 31 daAuts
